 Dungeon Crawl Stone Soup version 0.18.1-50-g88ac8fd (webtiles) character file.

103 negitausen the Firebug (level 4, -6/27 HPs)
             Began as a High Elf Fire Elementalist on Sept 14, 2016.
             Mangled by a worker ant (8 damage)
             ... on level 4 of the Dungeon.
             The game lasted 00:11:09 (984 turns).

negitausen the Firebug (High Elf Fire Elementalist)  Turns: 984, Time: 00:11:10

Health: -6/27      AC:  2    Str:  7    XL:     4   Next: 51%
Magic:  4/10       EV: 13    Int: 19    God:
Gold:   76         SH:  0    Dex: 16    Spells: 2 memorised, 7 levels left

rFire  + . .     SeeInvis .     (no weapon)
rCold  x . .     Gourm    .     a - +0 robe
rNeg   . . .     Faith    .     (no shield)
rPois  .         Spirit   .     (no helmet)
rElec  .         Dismiss  .     (no cloak)
rCorr  .         Reflect  .     (no gloves)
SustAt .         Harm     .     (no boots)
MR     .....                    m - amulet of magic regeneration
Stlth  ++........               (no ring)
                                l - ring of fire

@: very slightly contaminated, not resistant to hostile enchantments, unstealthy
A: no striking features
a: no special abilities


You were on level 4 of the Dungeon.
You were not hungry.

You visited 1 branch of the dungeon, and saw 4 of its levels.

You collected 76 gold pieces.

Inventory:

Hand Weapons
 f - a +0 club
Missiles
 i - 52 arrows
 j - 23 bolts
Armour
 a - a +0 robe (worn)
 d - a +0 leather armour
 e - a +0 ring mail
Jewellery
 l - a ring of fire (left hand)
 m - an amulet of magic regeneration (around neck)
Scrolls
 h - 2 scrolls of teleportation
 k - a scroll of identify
Potions
 g - a potion of curing
Books
 b - a book of Flames

   Spells                             Type                      Level
   a - Flame Tongue                   Conjuration/Fire             1
   b - Throw Flame                    Conjuration/Fire             2
   c - Conjure Flame                  Conjuration/Fire             3
   d - Inner Flame                    Hexes/Fire                   3
   e - Sticky Flame                   Conjuration/Fire             4
   f - Fireball                       Conjuration/Fire             5


   Skills:
 + Level 0.2 Fighting
 + Level 3.1 Dodging
 + Level 2.4 Stealth
 + Level 0.1 Unarmed Combat
 + Level 3.5 Spellcasting
 + Level 1.9 Conjurations
 + Level 3.7 Fire Magic


You had 7 spell levels left.
You knew the following spells:

 Your Spells              Type           Power        Failure   Level  Hunger
a - Flame Tongue          Conj/Fire      ###..        6%          1    None
b - Throw Flame           Conj/Fire      ###...       10%         2    ##.....


Dungeon Overview and Level Annotations

Branches:
Dungeon (4/15)
 Temple: D:4-7

Altars:
Ashenzari
Yredelemnul

Annotations:
D:4 Scuka's ghost, amateur MfTm


Message History

The worker ant closely misses you.
Scuka's ghost whispers, "Meet the emptiness of death!"
The worker ant closely misses you.
Found a chain mail.
Casting: Flame Tongue
Confirm with . or Enter, or press ? or * to list all spells.
Aiming: Throw Flame
Press: ? - help, Shift-Dir - straight line, f - Scuka's ghost, p - worker ant
Aim: Scuka's ghost You feel a surge of power!
The puff of flame hits the worker ant.
The worker ant is almost dead.
The worker ant closely misses you.
Casting: Throw Flame
Confirm with . or Enter, or press ? or * to list all spells.
Aiming: Throw Flame
Press: ? - help, Shift-Dir - straight line, f/p - Scuka's ghost
Aim: Scuka's ghost You feel a surge of power!
You miscast Throw Flame.
Nothing appears to happen.
The worker ant bites you!
You die...

#...#.........
#...#........# ###
#...#........# ...
.#...+........#....
.#...#........#...
.#.).#..(.....'..
.#)###........#
..............########
...............a@....#
......########.W.....#
......# #.......#
......# #........[.
......# #..........
†.....###############...
.....)....... ...
............. ..
.............


You could see a worker ant and Scuka's ghost.

Vanquished Creatures
  Ijyb (D:2)
  A worker ant (D:4)
  An adder (D:2)
  An ooze (D:1)
  A worm (D:2)
  A giant gecko (D:2)
  An orc (D:4)
  A giant cockroach (D:3)
  14 goblins
  3 hobgoblins
  2 kobolds (D:1)
  2 bats
  A giant newt (D:1)
  4 rats
34 creatures vanquished.

Notes
Turn   | Place    | Note
--------------------------------------------------------------
     0 | D:1      | negitausen the High Elf Fire Elementalist began the quest for the Orb.
     0 | D:1      | Reached XP level 1. HP: 11/11 MP: 4/4
   171 | D:1      | Reached XP level 2. HP: 17/17 MP: 2/6
   236 | D:1      | Learned a level 2 spell: Throw Flame
   375 | D:2      | Found a shattered altar of Ashenzari.
   398 | D:2      | Reached XP level 3. HP: 16/21 MP: 1/8
   462 | D:2      | Found a basalt altar of Yredelemnul.
   575 | D:2      | Noticed Ijyb
   580 | D:2      | Killed Ijyb
   903 | D:4      | Reached XP level 4. HP: 22/27 MP: 6/10
   970 | D:4      | Noticed Scuka's ghost (amateur MfTm)
   973 | D:4      | HP: 1/27 [Scuka's ghost (6)]
   984 | D:4      | Mangled by a worker ant

Skill      XL: |  1  2  3 |
---------------+----------+-----
Spellcasting   | 3 |  3.5
Dodging        | 3 |  3.1
Fighting       | |  0.2
Stealth        | |  2.4
Unarmed Combat | |  0.1
Conjurations   | |  1.9
Fire Magic     | |  3.7

Action                   |  1- 3 |  4- 6 || total
-------------------------+-------+-------++-------
Melee: Unarmed           |    24 |     1 ||    25
 Cast: Flame Tongue      |    25 |    13 ||    38
       Throw Flame       |    31 |     1 ||    32
  Use: Potion            |     3 |       ||     3
       Scroll            |     2 |       ||     2
  Eat: Bread ration      |     1 |       ||     1
Armor: Robe              |    10 |     1 ||    11
Dodge: Dodged            |    35 |     9 ||    44
